 Dungeon Crawl Stone Soup version 0.29.1-1-gd02db6906a (webtiles) character file.

Game seed: 7338791103554090403

505 Demigod47 the Covered (level 6, 0/53 HPs)
             Began as a Minotaur Fighter on Oct 7, 2022.
             Slain by Eustachio
             ... wielding a +0 falchion
              (4 damage)
             ... on level 4 of the Dungeon.
             The game lasted 00:08:27 (3732 turns).

Demigod47 the Covered (Minotaur Fighter)            Turns: 3732, Time: 00:08:28

Health: 0/53       AC: 16    Str: 23      XL:     6   Next: 96%
Magic:  5/5        EV: 10    Int:  5      God:
Gold:   188        SH:  4    Dex:  7 (9)  Spells: 5/5 levels left

rFire   + . .      SeeInvis .   m - +1 flail (protect)
rCold   . . .      Faith    .   c - +0 buckler
rNeg    . . .      Spirit   .   k - +3 ring mail {rF+}
rPois   .          Reflect  .   (helmet restricted)
rElec   .          Harm     .   (no cloak)
rCorr   .          Rampage  .   (no gloves)
Will    .....                   (no boots)
Stlth   ..........              (no amulet)
HPRegen 0.17/turn               (no ring)
MPRegen 0.09/turn               (no ring)

@: under a protective aura
A: horns 2, retaliatory headbutt, hooves 1, MP-powered wands
a: no special abilities


You were on level 4 of the Dungeon.
You visited 1 branch of the dungeon, and saw 4 of its levels.

You collected 188 gold pieces.

Inventory:

Hand Weapons
 d - the +0 scimitar of Karma {venom, Drain Str+3 Int+3 Dex+4}
   (You found it on level 2 of the Dungeon)

   It poisons the flesh of those it strikes.
   Str:       It affects your strength (+3).
   Int:       It affects your intelligence (+3).
   Dex:       It affects your dexterity (+4).
   Drain:     It drains your maximum health when unequipped.
 m - a +1 flail of protection (weapon)
Armour
 c - a +0 buckler (worn)
 k - a +3 ring mail of fire resistance (worn)
Wands
 g - a wand of roots (8)
 i - a wand of polymorph (12)
Scrolls
 f - a scroll of poison
 j - 2 scrolls of noise
 l - a scroll of teleportation
 n - a scroll of immolation {unknown}


   Skills:
 + Level 4.6 Fighting
 + Level 5.8 Maces & Flails
 + Level 5.9 Armour
 + Level 1.5 Dodging
 + Level 0.3 Stealth
 + Level 5.0 Shields


You had 5 spell levels left.
You didn't know any spells.
Your spell library contained the following spells:

 Spells                   Type           Power      Damage    Failure   Level
 Sublimation of Blood     Necr           0%         N/A       83%         2
 Confusing Touch          Hex            0%         N/A       97%         3
 Petrify                  Tmut/Erth      0%         N/A       100%        4
 Irradiate                Conj/Tmut      0%         3d11      100%        5
 Summon Forest            Summ/Tloc      0%         N/A       100%        5
 Summon Mana Viper        Hex/Summ       0%         N/A       100%        5
 Yara's Violent Unravell  Hex/Tmut       0%         3d3       100%        5
 Summon Cactus Giant      Summ           0%         N/A       100%        6
 Enfeeble                 Hex            0%         N/A       100%        7


Dungeon Overview and Level Annotations

Branches:
Dungeon (4/15)
 Temple: D:4-7

Altars:
Cheibriados
Nemelex Xobeh

Shops:
D:2 [   D:4 !

Annotations:
D:4 Eustachio


Innate Abilities, Weirdness & Mutations

You have a pair of horns on your head.
You reflexively headbutt those who attack you in melee.
You have large cloven feet.
You expend magic power (3 MP) to strengthen your wands.


Message History

Eustachio blinks!
The adder bites you.
* * * LOW HITPOINT WARNING * * *
The rat closely misses you.
You closely miss the adder. Your headbutt misses the adder.
The adder barely misses you. The rat bites you but does no damage.
The quokka bites you but does no damage.
You block the adder's attack.
You barely miss the adder. Your kick misses the adder.
The quokka bites you but does no damage.
The rat bites you but does no damage. The adder barely misses you.
You furiously retaliate!
You headbutt the adder.
Eustachio mumbles some strange words.
The quokka bites you but does no damage.
You miss the adder. Your kick misses the adder.
The adder is lightly wounded.
The rat disappears in a puff of smoke!
The quokka disappears in a puff of smoke!
The bat hits you but does no damage. The adder closely misses you.
You block the bat's attack. The adder bites you but does no damage.
You closely miss the adder. Your kick misses the adder.
Your headbutt misses the adder.
The adder is lightly wounded.
The bat hits you but does no damage. You block the bat's attack.
The adder barely misses you.
You hit the adder.
Your weapon exudes an aura of protection.
Your kick misses the adder. You headbutt the adder.
The adder is almost dead.
The bat hits you but does no damage. x2; The adder completely misses you.
You block Eustachio's attack.
The river rat twitches its whiskers.
The adder barely misses you. The bat hits you but does no damage.
You hit the adder.
You kill the adder!
The bat hits you but does no damage. x2; The bat barely misses you.
You furiously retaliate!
You headbutt the bat.
You kill the bat!
The bat's corpse disappears in a puff of smoke!
Eustachio hits you with a +0 falchion.
You die...

#.#.# #.##.## #.#.#
#.##.# ##.#.####
#.##.#
##.......####.##.#
#.....@........#.#
#..##.##.#####.#.#
#..##.##.# #.#.##
#@r##.##.# #.....
#.@##)##@## #.....
#.ยง##.....####.####
#...####....##.####
#.b.# ##.#.##.#...
..... #..@...#.##
#............##.#.##
#.....#####....)....
##...## #.###.#.##
#.# #.....


You could see Eustachio, a river rat (summoned) and a bat (summoned).

Vanquished Creatures
  Sigmund (D:2)
  An ice beast (D:4)
  A jelly (D:4)
  2 iguanas (D:4)
  Robin (D:4)
  7 adders
  4 worms
  4 dart slugs
  5 orcs
  4 ball pythons
  4 bats
  6 endoplasms
  A giant cockroach (D:2)
  14 goblins
  7 hobgoblins
  2 jackals (D:1)
  6 quokkas
  4 frilled lizards
  7 kobolds
  4 rats
85 creatures vanquished.

Notes
Turn   | Place    | Note
-------+----------+-------------------------------------------
     0 | D:1      | Demigod47 the Minotaur Fighter began the quest for the Orb.
     0 | D:1      | Reached XP level 1. HP: 19/19 MP: 0/0
   256 | D:1      | Reached XP level 2. HP: 27/27 MP: 1/1
   729 | D:2      | Reached XP level 3. HP: 26/33 MP: 2/2
  1033 | D:2      | Noticed Sigmund
  1043 | D:2      | Killed Sigmund
  1044 | D:2      | Reached skill level 5 in Armour
  1044 | D:2      | Reached XP level 4. HP: 40/40 MP: 3/3
  1044 | D:2      | Reached XP level 5. HP: 46/46 MP: 4/4
  1100 | D:2      | Gained mutation: You expend magic power (3 MP) to
                  | strengthen your wands. [potion of mutation]
  1100 | D:2      | Gained mutation: You have large cloven feet. [potion of
                  | mutation]
  1116 | D:2      | Found a faded altar of an unknown god.
  1177 | D:2      | Found Zuigav's Armour Shoppe.
  1208 | D:2      | Identified the +0 scimitar of Karma {venom, Drain Str+3
                  | Int+3 Dex+4}
  1683 | D:2      | Reached skill level 5 in Maces & Flails
  1683 | D:2      | Reached skill level 1 in Dodging
  1861 | D:3      | Found a snail-covered altar of Cheibriados.
  1905 | D:3      | Reached XP level 6. HP: 52/53 MP: 5/5
  1932 | D:3      | Found a sparkling altar of Nemelex Xobeh.
  2941 | D:4      | Noticed Robin
  2985 | D:4      | Killed Robin
  3103 | D:4      | Noticed an ice beast
  3146 | D:4      | Killed an ice beast
  3147 | D:4      | Reached skill level 5 in Shields
  3411 | D:4      | Found Omib's Distillery.
  3613 | D:4      | Noticed Eustachio
  3709 | D:4      | HP: 2/53 [river rat[Eustachio] (7)]
  3732 | D:4      | Slain by Eustachio

Illustrated notes

Levels and vault maps discovered:
D:1:      minmay_arrival_loop, layout_basic, nicolae_kite_square_tiling_tiny
D:2:      layout_basic, serial_shops, shop,
          hellmonk_ecumenical_altar_defaced_shrine, nicolae_figureground_pulse,
          uniq_sigmund
D:3:      layout_basic, overflow_temple_1_default, mainiacjoe_overflow_24_doors,
          serial_rivers, chequers_serial_rivers_room_b,
          chequers_serial_rivers_room_a, chequers_serial_rivers_small_b,
          chequers_serial_rivers_micro_e, chequers_serial_rivers_small_3,
          chequers_serial_rivers_large_a
D:4:      layout_loops_ring, serial_shops, nicolae_shop_crystal,
          minmay_quantized, uniq_eustachio, uniq_robin

Skill      XL: |  1  2  3  4  5  6 |
---------------+-------------------+-----
Armour         | 4 5 |  5.9
Shields        | 4 5 |  5.0
Maces & Flails | 4 5 |  5.8
Fighting       | 4 |  4.6
Dodging        | 1 |  1.5
Stealth        | |  0.3

Action                   |  1- 3 |  4- 6 || total
-------------------------+-------+-------++-------
Melee: Flail             |    63 |   148 ||   211
       Headbutt          |     5 |    19 ||    24
       Kick              |       |    30 ||    30
       Unarmed           |       |    28 ||    28
  Use: Potion            |     1 |     7 ||     8
       Scroll            |       |     6 ||     6
Armor: Scale mail        |    23 |       ||    23
       Ring mail         |     8 |    84 ||    92
       Skin              |       |    59 ||    59
Dodge: Dodged            |    44 |   104 ||   148
Block: Buckler           |    18 |    66 ||    84
